cohdb
Replays
Latest Replays
All Replays
Popular Replays
Top Player Replays
Match Explorer
How It Works
Community
CoH3 Stats
Reddit
Sign in to upload your games and track your stats! →
Sign in with Steam
Match 45369107
Unlisted
Match 45369107
Overview
Messages
Build Orders
End
Vickers Machine Gun Team
Construct Section Command Post
Infantry Section
Infantry Section
Infantry Section
Construct Platoon Command Post
Construct Company Command Post
Selects Indian Artillery Battlegroup
Selects Valour
Selects Gurkha Rifles Section
Infantry Training
Foot Guards Section
Foot Guards Section
MWH
Insomnia
randomace
Rifleman89
doohee88
solitaryknight2
0
0
Comments
sign in to comment!
No comments posted yet!